 Dungeon Crawl Stone Soup version 0.28-a0-1429-gf3d713df7a (webtiles) character file.

Game seed: 17402673761979533218

1067 HallandMoats the Skirmisher (level 8, -2/70 HPs)
             Began as a Ghoul Fighter on Jan 8, 2022.
             Was an Initiate of Yredelemnul.
             Slain by Warped's ghost (14 damage)
             ... on level 4 of the Dungeon.
             The game lasted 00:06:37 (4326 turns).

HallandMoats the Skirmisher (Ghoul Fighter)         Turns: 4326, Time: 00:06:39

Health: -2/70      AC:  8    Str: 20    XL:     8   Next: 28%
Magic:  7/7        EV: 10    Int:  5    God:    Yredelemnul [......]
Gold:   156        SH:  9    Dex:  8    Spells: 7/7 levels left

rFire   . . .      SeeInvis .   g - +0 dagger (venom)
rCold   + . .      Faith    .   c - +0 buckler
rNeg    + + +      Spirit   .   b - +0 scale mail
rPois   ∞          Reflect  +   (no helmet)
rElec   .          Harm     .   (no cloak)
rCorr   .          Rampage  .   i - +0 pair of gloves
Will    .....                   (no boots)
Stlth   ..........              l - amulet of reflection
HPRegen 0.00/turn               (no ring)
MPRegen 0.10/turn               (no ring)

@: mighty, inhibited regen
A: claws 1, cold resistance 1, negative energy resistance 3, inhibited
regeneration, torment resistance 2
a: Renounce Religion, Recall Undead Harvest


You were on level 4 of the Dungeon.
You worshipped Yredelemnul.
Yredelemnul was noncommittal.
You visited 1 branch of the dungeon, and saw 4 of its levels.

You collected 156 gold pieces.

Inventory:

Hand Weapons
 a - a +0 rapier
 f - the +1 spear of Feso {chaos, rC+}
   (You found it on level 2 of the Dungeon)

   Each time it hits an enemy it has a different, random effect.
   rC:        It protects you from cold.
 g - a +0 dagger of venom (weapon)
 p - the +2 dire flail of Responsibility {pain, Contam *Noise rC+++ Stlth+}
   (You took it off an ogre on level 4 of the Dungeon)

   In the hands of one skilled in necromantic magic, it inflicts extra damage on
   living creatures.
   rC:        It renders you almost immune to cold.
   *Noise:    It may make noises in combat.
   Contam:    It causes magical contamination when unequipped.
   Stlth:     It makes you more stealthy.
Armour
 b - a +0 scale mail (worn)
 c - a +0 buckler (worn)
 i - a +0 pair of gloves (worn)
Jewellery
 l - an amulet of reflection (around neck)
 n - a +6 ring of intelligence
Scrolls
 j - a scroll of fog {unknown}
 m - a scroll of magic mapping {unknown}
 o - 3 scrolls of summoning {unknown}
 r - a scroll of immolation {unknown}
 s - a scroll of vulnerability {unknown}
 t - a scroll of enchant weapon {unknown}
Potions
 d - a potion of degeneration {unknown}
 e - 2 potions of heal wounds
 h - 2 potions of flight {unknown}
 k - a potion of mutation {unknown}


   Skills:
 * Level 6.1 Fighting
 * Level 4.7 Short Blades
 + Level 4.3 Armour
 + Level 3.1 Dodging
 - Level 4.3 Shields


You had 7 spell levels left.
You didn't know any spells.
Your spell library contained the following spells:

 Spells                   Type           Power      Damage    Failure   Level
 Corpse Rot               Necr/Air       0%         N/A       96%         2
 Poisonous Vapours        Pois/Air       0%         N/A       96%         2


Dungeon Overview and Level Annotations

Branches:
Dungeon (4/15)             Temple (0/1) D:4

Altars:
Gozag
Yredelemnul

Annotations:
D:4 1 transporter, Warped's ghost, novice FoFi


Innate Abilities, Weirdness & Mutations

You thrive by killing the living.
You are immune to poison.
You have sharp fingernails.
Your flesh is cold resistant. (rC+)
You are immune to negative energy. (rN+++)
You do not regenerate when monsters are visible.
You are immune to unholy pain and torment.


Message History

Warped's ghost is moderately damaged.
Warped's ghost hits you but does no damage.
You hit Warped's ghost.
Warped's ghost is moderately damaged.
Warped's ghost hits you!
You hit Warped's ghost.
Warped's ghost is heavily damaged.
You feel yourself slow down.
Your orc zombie hits Warped's ghost but does no damage.
You puncture Warped's ghost!
Warped's ghost is severely damaged.
You block Warped's ghost's attack.
Your orc zombie hits Warped's ghost but does no damage.
You hit Warped's ghost but do no damage.
Warped's ghost is severely damaged.
Warped's ghost hits you.
Your gnoll zombie hits Warped's ghost but does no damage.
You completely miss Warped's ghost.
Warped's ghost is heavily damaged.
Your orc zombie completely misses Warped's ghost.
You hit Warped's ghost but do no damage.
Warped's ghost is heavily damaged.
You block Warped's ghost's attack.
Your gnoll zombie hits Warped's ghost but does no damage.
You hit Warped's ghost but do no damage.
Warped's ghost is heavily damaged.
Warped's ghost hits you.
Your orc zombie barely misses Warped's ghost.
You puncture Warped's ghost!
Warped's ghost is severely damaged.
Your gnoll zombie hits Warped's ghost but does no damage.
Warped's ghost hits you!
* * * LOW HITPOINT WARNING * * *
You barely miss Warped's ghost.
Warped's ghost is severely damaged.
Your orc zombie hits Warped's ghost but does no damage.
Your gnoll zombie hits Warped's ghost but does no damage.
Warped's ghost hits you!
You die...
Yredelemnul claims you as an undead slave.

....##.........# #..###.#
...###.........#######...##.#
...###....########..#....##.#
.......####©.....#....##.##.#
###....####.#..#.#.....#..#Z#
#.##....#..##..#.....##[#Z#
#.####..#..##..#.....##.#Z#
#.# #..#.#..#)#©....##..Z#
###Z####..#©..ZW@#...#####..#
..ZZ##...##.#.Z#.#©.## ##.###
.#......###..##..#..# #...#
....###.# #..##..#..# #...#
....##..# #.#..#.#..### #...#
....##.####.)....#....##
#...#
....#.ZZ.Z########.....#
#...#
.....ZZ###Z....#########
#...# ....#### #.....# #...#


You could see Warped's ghost (ally target), a friendly gnoll zombie and a
friendly orc zombie.

Vanquished Creatures
  Sigmund (D:2)
  3 ogres (D:4)
  2 orc priests
  Crazy Yiuf (D:3)
  Natasha (twice) (D:2)
  Terence (D:2)
  An orc wizard (D:3)
  A hound skeleton (D:4)
  3 gnolls (D:4)
  6 adders
  A felid zombie (D:2)
  7 orcs
  3 endoplasms
  2 giant cockroaches
  10 goblins
  13 hobgoblins
  6 jackals
  2 quokkas (D:1)
  5 ball pythons
  5 bats
  5 frilled lizards
  9 kobolds
  9 rats
98 creatures vanquished.

Vanquished Creatures (collateral kills)
  Grinder (D:3)
  An iguana (D:4)
  Natasha (D:2)
  A gnoll (D:4)
  2 dart slugs
  2 endoplasms
  A giant cockroach (D:3)
  A goblin (D:3)
  A hobgoblin (D:3)
  2 kobolds
  A rat zombie (D:2)
14 creatures vanquished.

Vanquished Creatures (others)
  A felid zombie (D:2)
  3 adder zombies
  2 bat zombies (D:1)
  A gnoll zombie (D:4)
  A ball python zombie (D:4)
  A dart slug zombie (D:3)
  2 frilled lizard zombies
  A giant cockroach zombie (D:3)
  2 goblin zombies (D:2)
  A hobgoblin zombie (D:2)
  2 kobold zombies (D:2)
  3 orc zombies
  A rat zombie (D:2)
  A spectral endoplasm (D:4)
22 creatures vanquished.

Grand Total: 134 creatures vanquished

Notes
Turn   | Place    | Note
-------+----------+-------------------------------------------
     0 | D:1      | HallandMoats the Ghoul Fighter began the quest for the Orb.
     0 | D:1      | Reached XP level 1. HP: 19/19 MP: 0/0
   157 | D:1      | Reached XP level 2. HP: 26/26 MP: 1/1
   296 | D:1      | Found a faded altar of an unknown god.
   352 | D:1      | Prayed at the altar of an unknown god.
   352 | D:1      | Became a worshipper of Yredelemnul the Dark
   352 | D:1      | Reached * piety under Yredelemnul
   540 | D:1      | Reached XP level 3. HP: 31/31 MP: 2/2
  1005 | D:2      | Noticed Natasha
  1015 | D:2      | Killed Natasha
  1016 | D:2      | Reached skill level 1 in Dodging
  1016 | D:2      | Reached XP level 4. HP: 36/40 MP: 3/3
  1060 | D:2      | Identified the +1 spear of Feso {chaos, rC+}
  1094 | D:2      | Noticed Terence
  1100 | D:2      | Noticed Natasha
  1106 | D:2      | Your ally Natasha died
  1111 | D:2      | Killed Terence
  1154 | D:2      | Killed Natasha
  1155 | D:2      | Reached XP level 5. HP: 9/46 MP: 4/4
  1347 | D:2      | Noticed Natasha
  1354 | D:2      | Killed Natasha
  1671 | D:2      | Noticed Sigmund
  1708 | D:2      | Killed Sigmund
  1709 | D:2      | Reached skill level 4 in Fighting
  1709 | D:2      | Reached XP level 6. HP: 18/52 MP: 5/5
  2936 | D:3      | Reached XP level 7. HP: 60/60 MP: 6/6
  2955 | D:3      | Reached ** piety under Yredelemnul
  3011 | D:3      | Noticed Grinder
  3016 | D:3      | Paralysed by Grinder for 6 turns
  3039 | D:3      | Killed Grinder
  3040 | D:3      | Reached skill level 5 in Fighting
  3154 | D:3      | Reached *** piety under Yredelemnul
  3319 | D:3      | Found a runed translucent door.
  3320 | D:3      | Noticed Crazy Yiuf
  3336 | D:3      | Found an opulent altar of Gozag.
  3451 | D:3      | Killed Crazy Yiuf
  3599 | D:4      | Found a staircase to the Ecumenical Temple.
  4052 | D:4      | Found a transporter.
  4081 | D:4      | Noticed Warped's ghost (novice FoFi)
  4082 | D:4      | Identified the +2 dire flail of Responsibility {pain,
                  | Contam *Noise rC+++ Stlth+}
  4256 | D:4      | Found a transporter.
  4289 | D:4      | Reached XP level 8. HP: 58/70 MP: 5/7
  4304 | D:4      | Reached skill level 6 in Fighting
  4326 | D:4      | Slain by Warped's ghost

Illustrated notes

Levels and vault maps discovered:
D:1:      lemuel_arrival_room, layout_basic, chequers_ecumenical_altar_island
D:2:      layout_basic, st_stairs_4, uniq_terence, uniq_natasha, uniq_sigmund
D:3:      layout_rooms, lemuel_round_altar, uniq_grinder,
          uniq_crazy_yiuf_cottage
D:4:      layout_rooms, minmay_temple_entry_tees, gammafunk_ghost_smash

Skill      XL: |  1  2  3  4  5  6  7  8 |
---------------+-------------------------+-----
Shields        | 3 4 |  4.3
Short Blades   | 2 3 4 |  4.7
Armour         | 3 4 |  4.3
Dodging        | 1 2 3 |  3.1
Fighting       | 4 5 6 |  6.1

Action                   |  1- 3 |  4- 6 |  7- 9 || total
-------------------------+-------+-------+-------++-------
Melee: Rapier            |   127 |     2 |       ||   129
       Spear             |       |    10 |       ||    10
       Dagger            |       |   165 |   146 ||   311
Invok: Recall Undead Har |       |       |     1 ||     1
  Use: Potion            |       |     1 |     2 ||     3
Armor: Scale mail        |    95 |    59 |    40 ||   194
Dodge: Dodged            |    90 |    66 |    48 ||   204
Block: Buckler           |    24 |    24 |    71 ||   119

Table legend: (Time is in decaauts)
 A = Elapsed time spent in this place.
 B = Non-inter-level travel time spent in this place.
 C = Inter-level travel time spent in this place.
 D = Time resting spent in this place.
 E = Time spent auto-exploring this place.
 F = Levels seen in this place.
 G = Mean time per level.
                   A        B        C        D        E       F      G
               +--------+--------+--------+--------+--------+-----+--------+
         Total |   4297 |   4183 |    114 |    286 |   3023 |   4 | 1074.2 |
       Dungeon |   4297 |   4183 |    114 |    286 |   3023 |   4 | 1074.2 |
               +--------+--------+--------+--------+--------+-----+--------+

Top non-repeatable levels by time:
     D:2: 1509 daAuts
     D:3: 1134 daAuts
     D:1: 873 daAuts
     D:4: 779 daAuts
